[Event "*** SCC Grand Prix: Titled Tuesday Blitz"]
[Site "Chess.com"]
[Date "2020.07.21"]
[Round "6"]
[White "alexrustemov"]
[Black "RodinMihail"]
[Result "1-0"]
[WhiteElo "2694"]
[BlackElo "2485"]
[TimeControl "180+1"]
[EndTime "11:08:07 PDT"]
[Termination "alexrustemov won by resignation"]

1. d4 d5 2. c4 e6 3. Nc3 c6 4. e3 Nf6 5. Nf3 Nbd7 6. Qc2 Bd6 7. Bd2 O-O 8. O-O-O e5 9. cxd5 cxd5 10. Nb5 Bb8 11.
dxe5 Nxe5 12. Nxe5 Bxe5 13. Bc3 Qe7 14. Kb1 Bd7 15. Bxe5 Qxe5 16. Nd4 Rac8 17. Qd2 Ne4 18. Qe1 Ba4 19. Rc1 Rxc1+ 20. Kxc1 Rc8+ 21. Kb1 Nxf2 22.
Qxf2 Qe4+ 23. Bd3 Qxd3+ 24. Ka1 Bd1 25. b3 Rc1+ 26. Kb2 Qc3+ 27. Ka3 Bh5 28. Rxc1 Qxc1+ 29. Qb2 Qxe3 30. Nf5 Qc5+ 31. b4 Qf8 32. Qe5 Bg6 33.
Ne7+ Kh8 34. Nxd5 a5 35. Qe7 axb4+ 36. Kxb4 Qxe7+ 37. Nxe7 Be4 38. g3 g6 39. Nc8 Kg7 40. Nd6 Bd5 41. Kc5 Bxa2 42. Nxb7 Kf6 43. Kd4 Kg5 44.
Ke3 Kg4 45. Kf2 Kh3 46. Kg1 f5 47. Nd6 Be6 48. Nb5 g5 49. Nd4 Bd7 50. Nf3 h6 51.
Ne5 Be6 52. Nf3 f4 53. gxf4 gxf4 54. Ne5 Bd5 55. Nd3 Kg4 56. Kf2 Be4 57. Ne5+ Kf5 58. Nc4 Kg4 59. Ne5+ Kh3 60. Kg1 f3 61. Nf7 h5 62.
Ng5+ Kg4 63. Nxe4 Kh3 64. Nf2+ Kh4 65. Kf1 Kg5 66. Ke1 Kf4 67. Kd2 h4 68. Kd3 h3 69.
Kd4 Kg5 70. Ke4 Kh4 71. Kxf3 Kg5 72. Kg3 1-0

[Event "*** SCC Grand Prix: Titled Tuesday Blitz"]
[Site "Chess.com"]
[Date "2020.07.21"]
[Round "6"]
[White "Oleksandr_Bortnyk"]
[Black "Carnivoras"]
[Result "1/2-1/2"]
[WhiteElo "2926"]
[BlackElo "2623"]
[TimeControl "180+1"]
[EndTime "11:08:10 PDT"]
[Termination "Game drawn - insufficient material"]

1. e4 e5 2. Nf3 Nc6 3. Bc4 Be7 4. d3 Nf6 5. Nc3 O-O 6. g4 d6 7. g5 Nd7 8. h4 Nb6 9. h5 Nxc4 10. dxc4 Be6 11.
Nd5 f5 12. gxf6 Bxf6 13. Rg1 Kh8 14. Be3 Qd7 15. Qd2 Bg4 16. Nxf6 Rxf6 17. Nh4 Bxh5 18. c3 Raf8 19. Nf5 Bg6 20. Ng3 Qg4 21. Rh1 Bxe4 22. Nxe4 Qxe4 23. O-O-O Qxc4 24. Qc2 g6 25. Rh6 Qxa2 26.
Rdh1 R8f7 27. R1h2 Qa1+ 28. Kd2 Ne7 29. Qb3 Nf5 30. Rxg6 Nxe3 31. Rxf6 Nf1+ 32. Ke2 Rxf6 33. Rg2 Rf8 34. Qxb7 Qc1 35. Qd5 Rb8 36. b4 Rf8 37. b5 Nd2 38. Qxd2 Qxd2+ 39. Kxd2 Rg8 40. Rh2 Kg7 41.
Kd3 Rh8 42. Ke4 Kf6 43. Kd5 h5 44. Kc6 Rh7 45. c4 h4 46. Rh3 Kg5 47. Kb7 Kg4 48. Rh1 h3 49. Rh2 Kf3 50. Kxa7 e4 51. Kb7 e3 52. fxe3 Kxe3 53. Kc6 Kf3 54. Rxh3+ Rxh3 55. Kxc7 Ke4 56. Kxd6 Kd4 57. b6 Rh6+ 58. Kc7 Rh7+ 59. Kc6 Rh6+ 60. Kb5 Rh5+ 61. Kc6 Rh6+ 62. Kb5 Rh7 63.
Kc6 Kxc4 64. b7 Rh8 65. Kc7 Kc5 66. b8=Q Rxb8 67. Kxb8 1/2-1/2

[Event "*** SCC Grand Prix: Titled Tuesday Blitz"]
[Site "Chess.com"]
[Date "2020.07.21"]
[Round "6"]
[White "AsaHoffmann"]
[Black "AniJak"]
[Result "0-1"]
[WhiteElo "2421"]
[BlackElo "2313"]
[TimeControl "180+1"]
[EndTime "11:08:10 PDT"]
[Termination "AniJak won by resignation"]

1. d4 d5 2. Bg5 g6 3. Nc3 Bg7 4. Qd2 h6 5. Bf4 Nf6 6. f3 b6 7. O-O-O Bb7 8. h4 c5 9. e3 Nc6 10. dxc5 bxc5 11. Nxd5 Nxd5 12. Qxd5 Qb6 13. Qb3 O-O 14.
Qxb6 axb6 15. a3 Na5 16. Bb5 Bc6 17. Bxc6 Nxc6 18. Ne2 b5 19. Rd5 b4 20. Rxc5 bxa3 21. bxa3 Rxa3 22. Rxc6 Ra1+ 23. Kd2 Rxh1 24. Nc3 Rxh4 25.
Nd5 e6 26. Ne7+ Kh7 27. Rc7 Rh1 28. c4 Rg1 29. c5 Rxg2+ 30. Kd3 Rd8+ 31. Bd6 h5 32.
Nc6 Ra8 33. Rxf7 Ra3+ 34. Ke4 Ra4+ 35. Nd4 Kg8 36. Re7 h4 37. c6 Bf8 38. Rxe6 Bxd6 39. Rxd6 Rc4 40. Kd5 Rc1 41. Ne6 h3 42. Nc5 Rgc2 43.
Rxg6+ Kf7 44. Rh6 Rxc5+ 45. Kd4 Rxc6 46. Rxh3 R6c4+ 47. Kd3 R1c3+ 48. Kd2 Rc2+ 49. Kd3 Rc7 50. Rh4 Rf2 51. f4 Rd7+ 52. Ke4 Re2 53. Kf3 Re1 54. f5 Rd3 55. Re4 Kf6 56. Kf4 Rf1+ 57. Kg4 Rxf5 58.
Re8 Rg5+ 59. Kf4 Rf5+ 60. Ke4 Rdd5 61. Rf8+ Kg6 62. Rg8+ Kf7 63. Rg4 Rfe5+ 64. Kf4 Re7 65. e4 Rd2 66. Kf5 Rf2+ 67. Kg5 Rf6 68. Rh4 Rg6+ 69.
Kf5 Rf6+ 70. Kg5 Rfe6 71. Kf5 Re5+ 72. Kf4 Rxe4+ 0-1

[Event "*** SCC Grand Prix: Titled Tuesday Blitz"]
[Site "Chess.com"]
[Date "2020.07.21"]
[Round "6"]
[White "KyrgyzFighter"]
[Black "UCantHandleDenker"]
[Result "1/2-1/2"]
[WhiteElo "2335"]
[BlackElo "2550"]
[TimeControl "180+1"]
[EndTime "11:08:11 PDT"]
[Termination "Game drawn by repetition"]

1. c4 d6 2. Nc3 Nf6 3. d4 g6 4.
e4 Bg7 5. f3 O-O 6. Be3 c5 7.
d5 e6 8. Nge2 exd5 9. cxd5 a6 10.
a4 Re8 11. Ng3 Nbd7 12. Be2 h5 13. O-O Qa5 14. Qd2 h4 15. Nh1 Nh7 16. Nf2 f5 17.
Kh1 Qd8 18. Nh3 Ne5 19. Rae1 Bd7 20. Ng5 Nxg5 21. Bxg5 Bf6 22. Bxf6 Qxf6 23. f4 Nf7 24. Bd3 Rab8 25. Qf2 b6 26. Bb1 b5 27. axb5 axb5 28. e5 dxe5 29. fxe5 Rxe5 30. Qxc5 b4 31. Ne4 Qb6 32.
Qxb6 Rxb6 33. Nc5 Bb5 34. Rxe5 Nxe5 35. Re1 Nc4 36. b3 Na3 37. Bd3 Bxd3 38. Nxd3 Nc2 39. Re6 Rxe6 40. dxe6 Nd4 41. Nc5 Kg7 42. Kg1 Kf6 43.
Kf2 Nxe6 44. Nd3 Nd4 45. Nxb4 Nxb3 46. Nd3 Nd4 47. h3 Ne6 48. g3 hxg3+ 49. Kxg3 Ng5 50. h4 Ne4+ 51. Kf4 Nd6 52. Ne5 Nf7 53. Nxf7 Kxf7 54. h5 Kf6 55. hxg6 Kxg6 56. Kf3 Kg5 57. Kg3 f4+ 58. Kf3 Kf5 59. Kf2 Ke4 60. Ke2 Ke5 61. Ke1 Kf5 62. Kf1 Kg4 63. Kg2 Kg5 64.
Kf2 Kf6 65. Kf3 Kf5 66. Kf2 Kg4 67. Kg2 Kf5 68. Kf3 Ke5 69. Kf2 Ke4 70. Ke2 Kf5 71.
Kf3 Kg5 72. Kf2 Kg4 73. Kg2 1/2-1/2

[Event "*** SCC Grand Prix: Titled Tuesday Blitz"]
[Site "Chess.com"]
[Date "2020.07.21"]
[Round "6"]
[White "chessplayer9919"]
[Black "Thipsay"]
[Result "0-1"]
[WhiteElo "2616"]
[BlackElo "2474"]
[TimeControl "180+1"]
[EndTime "11:08:12 PDT"]
[Termination "Thipsay won on time"]

1. d4 Nf6 2. c4 g6 3. Nc3 Bg7 4. e4 d6 5. f4 O-O 6. Nf3 Bg4 7.
Be2 Nfd7 8. Be3 Nc6 9. d5 Ncb8 10. h3 Bxf3 11. Bxf3 c6 12. O-O cxd5 13. cxd5 Na6 14. Rc1 Rc8 15. Nb5 Bxb2 16. Rb1 Bg7 17. Nxa7 Rc3 18. Bd2 Bd4+ 19. Kh2 Rxf3 20. Qxf3 Bxa7 21. Rxb7 Bd4 22. Be3 Bxe3 23. Qxe3 Nac5 24. Rb5 Qa8 25. Qe2 Nf6 26. Rb4 Qa3 27. Rfb1 Qc3 28. Rc4 Qa5 29.
Rcb4 Qa3 30. Rc4 Ra8 31. e5 Nxd5 32. exd6 exd6 33. Rd1 Nc3 34. Rxc3 Qxc3 35. Rxd6 Rf8 36. Rc6 Qd4 37. Qf3 Ne6 38. f5 Qe5+ 39. Qg3 Qxg3+ 40. Kxg3 gxf5 41. a4 Ra8 42. Rc4 Kg7 43. h4 Kf6 44. Kh3 Ra5 45. Rb4 Ke5 46. g3 Nc5 47. Rb8 Nxa4 48. Rh8 Kf6 49. Rxh7 Kg6 50. Rh8 Nc5 51. Rc8 Ne4 52. Rc6+ f6 53. Rc2 Ra3 54. Rg2 Kh5 55.
Kh2 Rf3 56. Rg1 Kg4 57. h5 Kxh5 58. Kh3 Kg5 0-1

[Event "*** SCC Grand Prix: Titled Tuesday Blitz"]
[Site "Chess.com"]
[Date "2020.07.21"]
[Round "6"]
[White "GM_dmitrij"]
[Black "Kezin_Roman"]
[Result "1-0"]
[WhiteElo "2937"]
[BlackElo "2730"]
[TimeControl "180+1"]
[EndTime "11:08:13 PDT"]
[Termination "GM_dmitrij won by resignation"]

1. c4 e6 2. Nf3 d5 3. e3 Nf6 4. b3 Be7 5. Bb2 O-O 6. Be2 c5 7. O-O Nc6 8. d4 b6 9. Nc3 Bb7 10. Rc1 cxd4 11. exd4 Rc8 12. Re1 dxc4 13. bxc4 Na5 14. Ne5 Nd7 15. Nxd7 Qxd7 16. d5 Nxc4 17. Bxc4 Rxc4 18. dxe6 Qxd1 19. exf7+ Rxf7 20. Rcxd1 Bb4 21. Re3 h6 22. h3 Bc5 23. Re2 Rcf4 24. Rdd2 Kh7 25.
Nd1 Ba6 26. Re8 Bb5 27. Re5 Bc4 28. a3 Bb3 29. Ne3 Ra4 30. Rd3 Ba2 31. Rf5 Rxf5 32. Nxf5 Bb1 33. Rf3 Be4 34. Rf4 g5 35. Rg4 Kg6 36.
Ng3 Bc6 37. Kf1 Rxg4 38. hxg4 a5 39. f3 b5 40. Ne4 Bxe4 41. fxe4 Kf7 42. Ke2 Ke6 43. Kd3 a4 44. Kc2 Bd6 45. Kd3 Be5 46. Bc1 Kd6 47. Bd2 Kc5 48. Bb4+ Kc6 49. Bf8 Bd6 50.
Bxd6 Kxd6 51. Kc3 Kc5 52. e5 Kd5 53. Kb4 Kxe5 54. Kxb5 Kf4 55. Kxa4 Kxg4 56. Kb3 Kg3 57. a4 Kxg2 58. a5 g4 59. a6 g3 60. a7 Kh2 61.
a8=Q g2 62. Qb8+ Kh1 63. Qb7 Kh2 64. Qc7+ Kh1 65. Qc6 Kh2 66. Qxh6+ Kg3 67. Qg5+ Kh3 68. Kc2 Kh2 69. Qh4+ 1-0

[Event "*** SCC Grand Prix: Titled Tuesday Blitz"]
[Site "Chess.com"]
[Date "2020.07.21"]
[Round "6"]
[White "swimmerchess"]
[Black "Anna_ChessMate"]
[Result "1-0"]
[WhiteElo "2795"]
[BlackElo "2506"]
[TimeControl "180+1"]
[EndTime "11:08:13 PDT"]
[Termination "swimmerchess won by resignation"]

1. e4 c6 2. d4 d5 3. e5 Bf5 4.
Nf3 e6 5. Be2 Nd7 6. O-O h6 7. Nbd2 g5 8. Nb3 Ne7 9. a4 Bg7 10. a5 a6 11. Ne1 O-O 12. Nd3 Qc7 13.
Be3 f6 14. exf6 Nxf6 15. Nbc5 Ne4 16. g4 Rf6 17. gxf5 exf5 18. f3 Nxc5 19. Nxc5 f4 20.
Bf2 Nf5 21. Bd3 Ne3 22. Bxe3 fxe3 23. Qe2 Re8 24. c3 Bf8 25. b4 Bd6 26. Rae1 Kg7 27. Kh1 Rf4 28. Rg1 Rh4 29. Rg2 Bf4 30. Bf5 Qf7 31.
Qd3 Qh5 32. Qe2 Bxh2 33. Rxh2 Rxh2+ 34. Qxh2 Qxf3+ 35. Kg1 Qxf5 36. Qg3 e2 37. Qf2 Qg4+ 38. Qg2 Qh5 39. Nxb7 Re4 40. Nd6 Rg4 41. Nf5+ Kg6 42. Ng3 Qh4 43. Kf2 Rf4+ 44. Kxe2 Qg4+ 45. Kd2 Rf3 46.
Re3 Rxe3 47. Kxe3 Qf4+ 48. Kd3 h5 49. Nf1 h4 50. Ne3 Kh5 51. Qe2+ g4 52. Nf1 h3 53. Qe5+ Qxe5 54. dxe5 Kg5 55. Kd4 Kf5 56. Ne3+ Kf4 57. e6 h2 58. e7 h1=Q 59. e8=Q Qe4+ 60. Qxe4+ dxe4 61. Nxg4 Kxg4 62. Kxe4 1-0

[Event "*** SCC Grand Prix: Titled Tuesday Blitz"]
[Site "Chess.com"]
[Date "2020.07.21"]
[Round "6"]
[White "M1711"]
[Black "VALPARAISO37"]
[Result "0-1"]
[WhiteElo "2406"]
[BlackElo "2282"]
[TimeControl "180+1"]
[EndTime "11:08:13 PDT"]
[Termination "VALPARAISO37 won on time"]

1. e4 e5 2. Nf3 Nc6 3. Bc4 Bc5 4. O-O Nf6 5. d3 d6 6. c3 O-O 7. h3 h6 8. Nbd2 a6 9. Bb3 b5 10. Re1 Re8 11. Nf1 Bb6 12. Ng3 Be6 13. Bxe6 Rxe6 14.
d4 Re8 15. a4 Rb8 16. axb5 axb5 17. d5 Ne7 18. Nh4 Kh7 19. Qf3 Neg8 20. Ngf5 g6 21. Ng3 Rf8 22. b4 Nxd5 23. Nhf5 Ndf6 24. Ne3 Ra8 25. Bd2 Qe7 26. h4 Qe6 27. h5 Kg7 28. Rxa8 Rxa8 29. hxg6 fxg6 30. Nd5 Nxd5 31. exd5 Qf7 32.
Qxf7+ Kxf7 33. Kh2 Nf6 34. f3 Nxd5 35. Ne4 Nf6 36.
Kg3 Nxe4+ 37. Rxe4 h5 38. f4 Ra2 39. Be1 Ke6 40.
fxe5 dxe5 41. c4 Kf5 42. Rh4 Re2 43. Rh1 bxc4 44. Kf3 Rc2 45. g4+ hxg4+ 46. Kg3 Rc1 47. Rf1+ Ke6 48. Kxg4 c3 49. Kg5 Kd5 50. Rf6 Rxe1 51.
Rf8 c2 52. Rd8+ Ke4 53. Rd2 c1=Q 54. Kxg6 Qxd2 55. Kf7 Qd7+ 56. Kg8 Rg1+ 57. Kf8 Qd8+ 58. Kf7 Qg8+ 59. Ke7 Rg7+ 60. Kf6 Qf8+ 0-1

[Event "*** SCC Grand Prix: Titled Tuesday Blitz"]
[Site "Chess.com"]
[Date "2020.07.21"]
[Round "6"]
[White "InitiatingASC"]
[Black "tsvet2005"]
[Result "1-0"]
[WhiteElo "2358"]
[BlackElo "2555"]
[TimeControl "180+1"]
[EndTime "11:08:14 PDT"]
[Termination "InitiatingASC won by resignation"]

1. d4 d5 2. c4 e6 3. Nc3 c6 4.
cxd5 exd5 5. Bf4 Bf5 6. e3 Nf6 7. Bd3 Bxd3 8. Qxd3 Bd6 9. Nge2 O-O 10. O-O Re8 11. Rab1 a5 12. a3 Bxf4 13. Nxf4 Nbd7 14. b4 axb4 15. axb4 b5 16. Rfc1 Nb6 17. Qf5 Nc4 18.
Nce2 Qd6 19. Nd3 Ra2 20. Ng3 g6 21. Qg5 Kh8 22. Ra1 Rea8 23. Rxa2 Rxa2 24. h4 h5 25. Ne5 Ra7 26. Qh6+ Kg8 27. Qg5 Nh7 28. Qf4 Re7 29.
Ra1 Nxe5 30. dxe5 Qxe5 31. Ra8+ Kg7 32. Qf3 Nf6 33. Ne2 Ne4 34. Nd4 Qd6 35. g4 hxg4 36.
Qxg4 Qf6 37. f4 Nc3 38. Qc8 Kh7 39. Qg8+ Kh6 40. Nf3 Rxe3 41. Ng5 Re1+ 42. Kg2 Re2+ 43. Kg3 Ne4+ 44. Kf3 Nd2+ 45. Kxe2 Qe7+ 46. Kd1 Qxb4 47. Kc1 Qc3+ 48. Kd1 Qb3+ 49. Ke2 Qc4+ 50. Kxd2 Qd4+ 51. Kc2 Qc4+ 52. Kb1 Qb3+ 53. Kc1 Qc3+ 54. Kd1 Qd3+ 55. Ke1 Qe3+ 56. Kf1 Qxf4+ 57. Kg2 Qxh4 58. Qh8+ Kxg5 59. Qxh4+ Kxh4 60. Rc8 Kg5 61. Rxc6 f5 62. Rc5 Kf4 63. Rxd5 g5 64. Rxb5 g4 65. Rb4+ Kg5 66. Kg3 f4+ 1-0

[Event "*** SCC Grand Prix: Titled Tuesday Blitz"]
[Site "Chess.com"]
[Date "2020.07.21"]
[Round "6"]
[White "kleopl"]
[Black "FloMaster111"]
[Result "1-0"]
[WhiteElo "2426"]
[BlackElo "2271"]
[TimeControl "180+1"]
[EndTime "11:08:15 PDT"]
[Termination "kleopl won on time"]

1. c4 e6 2. Nc3 d5 3. cxd5 exd5 4.
d4 Nf6 5. Bg5 c6 6. e3 Be7 7.
Bd3 O-O 8. Nf3 Re8 9. O-O Nbd7 10. Rb1 Nf8 11. b4 a6 12. a4 g6 13. b5 axb5 14.
axb5 Ne6 15. Bxf6 Bxf6 16. bxc6 bxc6 17. Qc2 Ng7 18. Na4 Qd6 19. Rfc1 Bg4 20. Nd2 Rac8 21. Rb6 Bd7 22. Nc5 Bd8 23. Nxd7 Qxd7 24. Rxc6 Ra8 25. Nf3 Ne6 26. Ne5 Qe7 27. g3 Bc7 28. Rxc7 Nxc7 29. Qxc7 Qe6 30. Rc6 Qh3 31. Qxf7+ Kh8 32. Bf1 Qf5 33.
Qxf5 gxf5 34. Rf6 Rf8 35. Rxf8+ Rxf8 36. Bg2 Kg7 37. Bxd5 Rd8 38. Bc4 Kf6 39. Kg2 Rb8 40. Bd3 Rb2 41. Kf3 h6 42. h4 Ra2 43. Be2 Rb2 44. Nd3 Rd2 45. Nf4 Ra2 46. Bc4 Rb2 47. Nh5+ Kg6 48. Nf4+ Kf6 49. h5 Kg5 50. Bf7 Kf6 51.
Bg6 Kg5 52. Nd5 Ra2 53. Ne7 Kf6 54. Nxf5 Kg5 55. e4 Kf6 56. Ne3 Kg5 57. e5 Rxf2+ 58. Ke4 1-0

[Event "*** SCC Grand Prix: Titled Tuesday Blitz"]
[Site "Chess.com"]
[Date "2020.07.21"]
[Round "6"]
[White "imdvb6307"]
[Black "lider34"]
[Result "1-0"]
[WhiteElo "2405"]
[BlackElo "2217"]
[TimeControl "180+1"]
[EndTime "11:08:22 PDT"]
[Termination "imdvb6307 won by checkmate"]

1. c4 Nf6 2. Nc3 g6 3. Nf3 Bg7 4. d4 O-O 5. e4 d6 6. Be2 Nbd7 7. O-O e5 8. Qc2 c6 9. Rd1 Qc7 10. Rb1 a5 11. a3 Re8 12. b4 axb4 13. axb4 exd4 14.
Nxd4 Nb6 15. Bf4 Qe7 16. f3 Nh5 17. Be3 Be5 18. g3 Nxg3 19. hxg3 Bxg3 20. Bf1 Qh4 21. Qg2 Re5 22. Nde2 Nxc4 23. Bc1 Be1 24. Rxe1 Qxe1 25.
Bg5 Rxg5 26. Rxe1 Rxg2+ 27. Kxg2 Ne3+ 28. Kf2 Nxf1 29. Kxf1 Be6 30. Rd1 Ra3 31. Rxd6 Rb3 32. Rd4 Kg7 33. Ke1 Kf6 34. Kd2 Ra3 35. Kc2 h5 36. f4 h4 37. Rd2 Ra1 38. Rd1 Rxd1 39. Nxd1 g5 40. Kd3 g4 41. f5 Bd7 42. Ke3 Kg5 43.
Nf2 h3 44. Ng3 b6 45. Nd3 f6 46. Nb2 Bc8 47. Nc4 b5 48. Na5 Bd7 49. Nb7 Be8 50. Nc5 Bd7 51. Ne6+ Kh4 52. Kf2 h2 53. Kg2 Bxe6 54. fxe6 Kg5 55. e7 Kf4 56. e8=Q Ke3 57.
Qxc6 Kf4 58. Qxf6+ Ke3 59. Qb6+ Kd3 60. Qxb5+ Ke3 61.
Qg5+ Kd3 62. Kxh2 Kd4 63. e5 Kc4 64. e6 Kxb4 65. e7 Kc4 66. e8=Q Kd4 67. Qeb5 Kc3 68.
Ne2+ Kc2 69. Qbc5+ Kd1 70. Qcc1+ Kxe2 71. Qge3# 1-0

[Event "*** SCC Grand Prix: Titled Tuesday Blitz"]
[Site "Chess.com"]
[Date "2020.07.21"]
[Round "6"]
[White "Andrei_Belozerov"]
[Black "qingaunlee"]
[Result "1-0"]
[WhiteElo "2546"]
[BlackElo "2340"]
[TimeControl "180+1"]
[EndTime "11:08:24 PDT"]
[Termination "Andrei_Belozerov won by checkmate"]

1. e4 e6 2. d4 d5 3. Nd2 Be7 4.
e5 c5 5. c3 Nc6 6. Bd3 Qb6 7.
Ndf3 Bd7 8. Ne2 h6 9. O-O g5 10.
dxc5 Bxc5 11. b4 Be7 12. b5 Na5 13. Be3 Bc5 14. Nfd4 Ne7 15. f4 g4 16. a4 O-O-O 17.
Bf2 Nf5 18. Bxf5 exf5 19. Qc2 Qg6 20. Ng3 Bxd4 21. Bxd4 b6 22. e6 fxe6 23. Bxh8 Rxh8 24. Ne2 Kb7 25. Nd4 Rc8 26. Rae1 Qf6 27. Rf2 Nc4 28.
Rfe2 Nd6 29. Rxe6 Bxe6 30. Rxe6 Qxd4+ 31. cxd4 Rxc2 32. Rxd6 h5 33. Rxd5 h4 34. Rxf5 g3 35. hxg3 hxg3 36. Kf1 Rf2+ 37. Ke1 Rxg2 38. Rf7+ Kb8 39.
Rg7 Rg1+ 40. Ke2 g2 41. f5 Rf1 42. Rxg2 Rxf5 43. Rg8+ Kc7 44. Rg7+ Kb8 45. Ke3 Rh5 46.
Ke4 Rh4+ 47. Kd5 Rh5+ 48. Kc6 Rh6+ 49. Kd7 Rh5 50. Re7 Rd5+ 51. Kc6 Rd8 52. d5 Rc8+ 53.
Kd6 Rd8+ 54. Ke6 Rh8 55. d6 Rh6+ 56. Kd5 Rh5+ 57. Kc6 Rc5+ 58. Kd7 Rc1 59. Rf7 Kb7 60. Ke6+ Kc8 61. Rf8+ Kb7 62. d7 Re1+ 63. Kf7 Rf1+ 64. Kg7 Rg1+ 65. Kh6 Rh1+ 66. Kg5 Rg1+ 67. Kh4 Rh1+ 68. Kg3 Rg1+ 69. Kf2 Rg4 70. d8=Q Rf4+ 71. Rxf4 a5 72. Rf7# 1-0

[Event "*** SCC Grand Prix: Titled Tuesday Blitz"]
[Site "Chess.com"]
[Date "2020.07.21"]
[Round "6"]
[White "LawrenceTrent"]
[Black "frederiksvane"]
[Result "1-0"]
[WhiteElo "2560"]
[BlackElo "2669"]
[TimeControl "180+1"]
[EndTime "11:08:25 PDT"]
[Termination "LawrenceTrent won by resignation"]

1. d4 Nf6 2. Nc3 d5 3. Bf4 g6 4. e3 Bg7 5. h4 c6 6. h5 Nxh5 7. Rxh5 gxh5 8. Qxh5 Nd7 9. Nf3 Nf6 10. Qh4 h5 11.
Bd3 Ng4 12. O-O-O e5 13. Qxd8+ Kxd8 14. dxe5 Nxf2 15. Rf1 Nxd3+ 16. cxd3 Be6 17. Bg5+ Kd7 18. d4 Rhg8 19. Ne2 Raf8 20. Nf4 Bg4 21. Bh4 Bh6 22. g3 Bxf4 23. exf4 Ke6 24. Ng5+ Kf5 25. Kd2 Kg6 26. Ke3 f6 27. exf6 Rxf6 28. Nf3 Re6+ 29. Ne5+ Kf5 30. b4 Ree8 31. Rc1 Rc8 32. a4 Ke6 33. a5 Bf5 34. Bg5 Rh8 35. Rc3 Be4 36. Kd2 Kf5 37. a6 bxa6 38. Nxc6 Ke6 39. Rc1 Kd6 40. Ne5 Rxc1 41. Kxc1 Rc8+ 42. Kb2 Rc2+ 43. Kb3 Rg2 44. Bh4 Kc7 45.
Kc3 Kb6 46. Nd7+ Kb5 47. Nc5 Bf5 48. Nb7 Kb6 49. Nd6 Kc6 50. Nxf5 a5 51. bxa5 Kb5 52. Ne3 Ra2 53. Nxd5 Kxa5 54. f5 Rf2 55. Nf4 Kb6 56.
f6 Rf1 57. f7 Rc1+ 58. Kd3 Rc8 59. Ne6 a5 60. Bd8+ Rxd8 61. Nxd8 a4 62. f8=Q a3 63.
Qxa3 Kb5 64. d5 h4 65. gxh4 Kb6 66. h5 Kc7 67. h6 Kd7 68. h7 Ke8 69. Ne6 Kd7 70.
Qa4+ Kd6 71. Qc6+ Ke5 72. h8=Q+ Kf5 73. d6 Kg4 74. d7 Kg3 75. d8=Q Kf2 1-0

[Event "*** SCC Grand Prix: Titled Tuesday Blitz"]
[Site "Chess.com"]
[Date "2020.07.21"]
[Round "6"]
[White "GigaQuparadze"]
[Black "1977Ivan"]
[Result "0-1"]
[WhiteElo "2863"]
[BlackElo "2719"]
[TimeControl "180+1"]
[EndTime "11:08:32 PDT"]
[Termination "1977Ivan won by resignation"]

1. e4 c5 2. Nc3 Nc6 3. Nf3 e6 4.
d4 cxd4 5. Nxd4 Qc7 6. Be3 a6 7. f4 b5 8. Nxc6 Qxc6 9. a3 Bb7 10. Be2 Rc8 11. Bf3 Qc4 12. Qd2 b4 13. axb4 Bxb4 14.
O-O-O Nf6 15. Bd4 O-O 16. Qd3 Bxc3 17. Bxc3 Bxe4 18. Qxc4 Rxc4 19. Be2 Rc6 20. Rhe1 d5 21. g4 Rfc8 22. Rd4 h6 23. Kd2 Bh7 24. Bf3 Ne4+ 25. Bxe4 Bxe4 26. Ra1 f6 27. Rda4 Ra8 28. Rb4 Rd8 29.
Raa4 Rd7 30. Rb8+ Kf7 31. Rab4 d4 32. Rxd4 Rxd4+ 33. Bxd4 Rxc2+ 34. Ke3 Bd5 35. Rb6 Rxh2 36. Rxa6 Re2+ 37. Kd3 Rg2 38. Ra7+ Kg6 39. f5+ exf5 40. gxf5+ Kxf5 41. b4 Rg3+ 42. Be3 h5 43. b5 h4 44. b6 h3 45. b7 Bxb7 46. Rxb7 h2 47. Rb1 Kg4 48.
Ke2 Kh3 49. Bf2 Rg5 50. Be3 Rf5 51. Kd3 Kg2 52. Rb2+ Kg3 53. Rb1 Kh3 54. Ke4 Re5+ 55. Kf3 Rf5+ 56. Ke4 g6 57. Bf4 Rh5 58. Kf3 g5 59. Bd6 g4+ 60. Ke4 g3 61. Kf4 Rh4+ 62. Kf3 g2 63. Bxh2 Kxh2 64. Rb2 Rh3+ 65. Kg4 Rg3+ 66. Kf4 Rg5 67. Kf3 Kh1 68. Rxg2 Rxg2 69. Kf4 Rg1 70. Kf5 Rf1+ 0-1

[Event "*** SCC Grand Prix: Titled Tuesday Blitz"]
[Site "Chess.com"]
[Date "2020.07.21"]
[Round "6"]
[White "ChessicallyInclined"]
[Black "XDPS"]
[Result "1-0"]
[WhiteElo "2515"]
[BlackElo "2709"]
[TimeControl "180+1"]
[EndTime "11:08:33 PDT"]
[Termination "ChessicallyInclined won on time"]

1. d4 d5 2. c4 c6 3. Nf3 Nf6 4. e3 Bf5 5. Nc3 e6 6. Nh4 Be4 7. f3 Bg6 8. Qb3 Qc7 9. Bd2 a6 10. g3 Nbd7 11. cxd5 exd5 12. Bg2 Bd6 13. O-O O-O 14. e4 dxe4 15. fxe4 Bh5 16. e5 Nxe5 17.
dxe5 Bxe5 18. Bf4 Bxf4 19. Rxf4 Rad8 20. Raf1 b5 21. Qc2 Rfe8 22. Kh1 Qd7 23. Rxf6 gxf6 24. Ne4 Rxe4 25. Qxe4 c5 26. Nf5 Bg6 27. Bh3 Qd2 28. Qg2 Qd3 29. Qf3 Qxf3+ 30. Rxf3 Rd2 31. Ra3 Rxb2 32.
Rxa6 h5 33. Rc6 c4 34. Rc5 Kh7 35. Nd6 Rxa2 36. Nxb5 Be4+ 37. Kg1 Ra1+ 38. Kf2 Bd3 39. Nd6 Kg7 40. Nf5+ Kg6 41. Nh4+ Kh6 42. Bf5 Ra2+ 43.
Ke3 Re2+ 44. Kf3 Rd2 45. Rd5 Be2+ 46. Ke4 Bd3+ 47. Ke3 Re2+ 48. Kf3 Rxh2 49. Bxd3 cxd3 50. Rxd3 Ra2 51. Rd4 Kg5 52. Rf4 Ra3+ 53. Kg2 Ra5 54. Kh3 f5 55. Nf3+ Kg6 56. Rb4 f6 57. Rb8 Ra3 58.
Nh4+ Kg5 59. Rg8+ Kh6 60. Nxf5+ Kh7 61. Rg7+ Kh8 62. Rg6 Kh7 63. Rxf6 Rf3 64. Rh6+ Kg8 65. Rxh5 Kf7 66. Kg4 Ra3 67. Rh6 Kg8 68. Kg5 Ra5 69.
g4 Ra1 70. Re6 Kf7 71. Re7+ Kf8 72. Kf6 Ra6+ 73. Re6 Ra4 74. g5 Rg4 75. g6 Rg1 76. g7+ Rxg7 77. Nxg7 1-0

[Event "*** SCC Grand Prix: Titled Tuesday Blitz"]
[Site "Chess.com"]
[Date "2020.07.21"]
[Round "6"]
[White "Nf3c5"]
[Black "PowerThinking2650"]
[Result "1/2-1/2"]
[WhiteElo "2558"]
[BlackElo "2349"]
[TimeControl "180+1"]
[EndTime "11:08:39 PDT"]
[Termination "Game drawn - insufficient material"]

1. e4 e5 2. Bc4 Nf6 3. d3 Nc6 4.
Nc3 Na5 5. Qf3 Nxc4 6. dxc4 d6 7. Nge2 Be6 8. b3 c6 9. O-O Be7 10. Rd1 Qc7 11. h3 O-O 12. Ng3 a6 13. a4 Rfd8 14.
Nf5 Bxf5 15. exf5 d5 16. cxd5 cxd5 17. Nxd5 Nxd5 18. Rxd5 Rxd5 19. Qxd5 Rd8 20. Qc4 Rd1+ 21. Kh2 Qxc4 22. bxc4 Bc5 23. Bb2 Rd2 24. Bxe5 Rxf2 25. Rd1 h6 26. Rd5 b6 27. Bd4 Bxd4 28. Rxd4 Rxf5 29.
Rd6 Rc5 30. Rxb6 Rxc4 31. Rxa6 Rxc2 32. Ra7 f5 33. a5 Kh7 34. Kg3 Kg6 35. a6 Ra2 36.
Kf3 Kf6 37. Ra8 Ra3+ 38. Ke2 Kg5 39. Kd2 g6 40. Kc2 Ra1 41. Kb2 Ra5 42. Kb3 Kf4 43. Kb4 Ra1 44. Kb5 g5 45. Rf8 Rb1+ 46. Kc6 Rc1+ 47.
Kb7 Rb1+ 48. Ka8 h5 49. a7 g4 50. hxg4 hxg4 51. Rb8 Ra1 52. Kb7 Kg3 53. Rf8 Rxa7+ 54.
Kxa7 f4 55. Rg8 f3 56. gxf3 Kxf3 57. Rf8+ Kg2 58. Kb6 g3 59. Kc5 Kh2 60. Rh8+ Kg1 61. Kd4 g2 62. Ke3 Kf1 63. Rf8+ Ke1 64. Rg8 Kf1 65.
Rf8+ Ke1 66. Rg8 Kf1 67. Kf3 g1=Q 68. Rxg1+ Kxg1 1/2-1/2

[Event "*** SCC Grand Prix: Titled Tuesday Blitz"]
[Site "Chess.com"]
[Date "2020.07.21"]
[Round "6"]
[White "Nayemhaque22"]
[Black "eljanov"]
[Result "0-1"]
[WhiteElo "2208"]
[BlackElo "2836"]
[TimeControl "180+1"]
[EndTime "11:08:40 PDT"]
[Termination "eljanov won by resignation"]

1. e4 c6 2. d4 d5 3. exd5 cxd5 4. Nf3 Nc6 5. c3 Bg4 6. h3 Bxf3 7. Qxf3 e6 8. Bb5 Bd6 9. Bf4 Nf6 10. Bxd6 Qxd6 11. Nd2 O-O 12. O-O a6 13. Ba4 b5 14. Bc2 b4 15. Rad1 Rac8 16. Bd3 a5 17. Bb5 bxc3 18.
bxc3 Ne7 19. c4 Nf5 20. Qd3 dxc4 21. Nxc4 Qf4 22. Ne3 Nd6 23. Ba6 Rcd8 24. Qa3 Nde4 25. Qxa5 Ra8 26. Qb5 Nxf2 27. Rxf2 Qxe3 28. Qe2 Qxe2 29.
Bxe2 Rxa2 30. Bf3 Rxf2 31. Kxf2 Rd8 32. Ke3 g5 33. Ra1 Kg7 34. Ra7 h5 35. g4 h4 36.
Rb7 Nd5+ 37. Bxd5 Rxd5 38. Ke4 Ra5 39. Rb3 f5+ 40. gxf5 exf5+ 41. Ke3 Kg6 42. Kf3 Ra6 43. Ke3 Kf6 44. Kd3 Re6 45. Rb5 g4 46. hxg4 fxg4 47. Rh5 h3 48. Rh6+ Kf5 49. Rh5+ Kf4 50. d5 Re1 51. Kd4 Rd1+ 52. Kc5 Kg3 53. d6 h2 54. Kc6 h1=Q+ 55. Rxh1 Rxh1 56. d7 Rd1 57. Kc7 Rxd7+ 58. Kxd7 Kf3 59. Ke6 g3 60. Kf5 g2 0-1